Map: Cyber Forest LE

Players

souL - Winner!

  • Race: Terran Terran
  • Spawn Location: 5:00

Clem

  • Race: Terran Terran
  • Spawn Location: 11:00

Event: 2019 WCS Summer

VOD

Have the link to the VOD?

Description

Time

  • Played on: July 12, 2019, 11:27 a.m.
  • Length: 22:45

All games in this series

Show
View Real Time Build Order
Export as new Build Order

souL Terran - Winner!

Build Orders:  

Get SALT Encoding   

  12  0:00  SCV  
  13  0:13  SCV  
  14  0:18  Supply Depot  
  14  0:25  SCV  
  15  0:28  Refinery  
  15  0:39  SCV  
  16  0:44  Barracks  
  16  0:51  SCV  
  16  0:55  Refinery  
  17  1:03  SCV  
  18  1:15  SCV  
  19  1:32  Factory  
  19  1:35  Orbital Command  
  19  1:37  Reaper  
  20  1:52  Supply Depot  
  20  2:01  SCV  
  21  2:09  Reaper  
  21  2:13  SCV  
  23  2:16  Hellion  
  25  2:25  SCV  
  26  2:36  Command Center  
  26  2:37  SCV  
  26  2:40  Hellion  
  26  2:42  Reaper  
  30  2:47  Supply Depot  
  29  2:51  SCV  
  29  2:57  Bunker  
  30  3:03  SCV  
  31  3:05  Factory Tech Lab  
  31  3:13  Starport  
  31  3:15  SCV  
  31  3:16  Barracks Reactor  
  32  3:27  Cyclone  
  32  3:33  SCV  
  36  3:45  SCV  
  36  3:47  Supply Depot  
  37  3:49  Orbital Command  
  37  3:50  Refinery  
  37  3:54  Marine x2  
  39  4:02  SCV, Supply Depot  
  37  4:15  SCV  
  37  4:16  Marine x2  
  35  4:18  Factory Tech Lab  
  35  4:20  SCV  
  36  4:24  Raven  
  36  4:27  SCV  
  39  4:32  SCV  
  39  4:34  Marine x2  
  39  4:37  Siege Tank  
  45  4:39  SCV  
  45  4:44  SCV  
  47  4:51  Marine, SCV  
  47  4:52  Marine  
  50  4:56  SCV  
  51  5:03  SCV  
  52  5:08  Raven, SCV  
  52  5:09  Marine  
  56  5:15  SCV  
  56  5:17  Command Center  
  56  5:19  Supply Depot  
  56  5:20  SCV  
  61  5:21  Siege Tank  
  61  5:22  Marine  
  61  5:27  SCV  
  63  5:32  Refinery, SCV  
  63  5:34  Supply Depot  
  64  5:39  SCV  
  65  5:44  SCV  
  65  5:46  Barracks  
  65  5:47  Barracks  
  65  5:49  Engineering Bay  
  66  5:51  Engineering Bay, SCV  
  66  5:57  SCV  
  68  6:00  Viking  
  68  6:03  SCV  
  68  6:04  Viking  
  73  6:09  SCV  
  74  6:12  Stimpack  
  74  6:15  SCV  
  74  6:17  Marine  
  75  6:19  Terran Infantry Weapons Level 1, Terran Infantry Armor Level 1  
  75  6:21  SCV  
  76  6:25  Siege Tank  
  76  6:28  SCV  
  80  6:33  SCV, Supply Depot  
  80  6:34  Marine, Supply Depot  
  80  6:37  Viking  
  84  6:40  SCV  
  84  6:42  Viking  
  84  6:47  SCV x2  
  84  6:48  Barracks Reactor x2  
  84  6:52  Marine  
  87  6:54  SCV  
  87  6:58  Siege Tank  
  87  6:59  SCV, Supply Depot  
  92  7:07  Viking  
  94  7:12  SCV  
  94  7:13  Orbital Command  
  94  7:14  Marine  
  95  7:15  Viking  
  95  7:20  SCV  
  98  7:24  SCV  
  98  7:25  Marine  
  98  7:29  Supply Depot  
  99  7:30  Siege Tank  
  99  7:32  SCV, Supply Depot  
  99  7:33  Marauder  
  99  7:36  SCV  
  106  7:38  Barracks Tech Lab  
  106  7:42  Barracks x2  
  106  7:44  SCV x2  
  106  7:46  Viking  
  106  7:48  SCV  
  110  7:52  Viking  
  110  7:54  Marine  
  110  7:55  Marauder  
  112  8:00  SCV  
  112  8:01  SCV  
  112  8:02  Siege Tank  
  111  8:06  Marine  
  111  8:08  Marine  
  111  8:12  Marine, SCV  
  113  8:15  Concussive Shells  
  113  8:16  Marauder  
  113  8:17  Armory  
  114  8:24  Marine  
  114  8:26  Marauder  
  111  8:29  Medivac  
  111  8:30  Marine  
  111  8:33  Barracks Tech Lab  
  111  8:35  Supply Depot  
  111  8:36  Supply Depot  
  111  8:37  Medivac  
  111  8:38  Marauder  
  115  8:42  Marine  
  115  8:47  Marauder  
  115  8:48  Marine  
  119  8:51  Command Center  
  119  8:58  Marine  
  119  9:00  Marine  
  105  9:03  Marine x2  
  105  9:04  Marauder  
  105  9:05  Medivac  
  105  9:06  Marine  
  105  9:07  Medivac  
  105  9:09  Marauder  
  106  9:15  Refinery x2  
  106  9:17  Marine, Marauder, Sensor Tower  
  108  9:21  Marine x2, SCV  
  108  9:22  SCV  
  108  9:23  Marine  
  109  9:24  Marine  
  109  9:30  Marauder  
  112  9:35  Marine  
  117  9:38  Marauder  
  117  9:39  Marine x2  
  117  9:41  Marine  
  117  9:43  Siege Tank, Marauder  
  107  9:45  Combat Shield  
  107  9:52  Marauder  
  109  9:53  Marine  
  109  9:57  Marine x2  
  109  9:59  Marine, SCV  
  103  10:00  Marauder  
  103  10:04  Marauder, Medivac  
  107  10:11  Marine  
  107  10:13  Marauder, SCV x2  
  112  10:14  Marine x2  
  112  10:17  Marine  
  112  10:21  Marauder  
  113  10:25  Siege Tank, Marine  
  117  10:29  Marine  
  117  10:32  Marine x2  
  117  10:34  Marauder  
  117  10:35  Marine  
  120  10:39  Orbital Command  
  120  10:42  Marauder  
  117  10:43  Marauder  
  117  10:46  Marine  
  117  10:48  Medivac  
  117  10:49  Medivac  
  124  10:50  Marine x2  
  124  10:52  Marine  
  124  10:56  Marauder  
  128  11:04  Marine, Marauder  
  125  11:05  Marauder  
  125  11:08  Marine x2  
  122  11:15  Marine  
  122  11:17  Marauder  
  124  11:18  Medivac x2  
  124  11:25  Marine, Marauder  
  130  11:26  Marauder  
  130  11:34  Marine  
  130  11:39  Marine, Marauder  
  125  11:46  Marauder  
  127  11:47  Marauder, Marine  
  127  11:48  Medivac x2  
  127  11:50  Marine  
  135  11:54  Marine  
  135  12:00  Marauder  
  135  12:01  SCV x2  
  139  12:04  SCV  
  139  12:08  Marauder, Command Center  
  142  12:09  Marauder  
  142  12:13  SCV  
  142  12:14  SCV  
  146  12:18  Medivac  
  146  12:20  Marine  
  146  12:21  Marauder  
  120  12:26  Medivac  
  120  12:29  Marauder, Marine x2  
  113  12:31  SCV x3  
  113  12:35  Terran Infantry Weapons Level 2  
  117  12:38  Terran Infantry Armor Level 2  
  117  12:42  Marine  
  117  12:43  SCV x3  
  117  12:44  Marine  
  118  12:48  Marine, Medivac  
  121  12:54  Marauder  
  121  12:55  SCV  
  100  13:06  Marauder, Marine  
  100  13:08  Marauder, Marine  
  100  13:10  Medivac  
  98  13:15  Marauder, SCV  
  98  13:18  SCV x2  
  103  13:22  Medivac  
  103  13:23  Marine  
  106  13:28  Marauder  
  106  13:30  Orbital Command  
  106  13:31  Marine, Marauder  
  106  13:32  Marine  
  111  13:36  Siege Tank  
  111  13:38  Marine  
  115  13:42  Marine  
  115  13:43  Marauder  
  115  13:44  Liberator  
  115  13:46  Medivac  
  119  13:49  Marine, Marauder  
  119  13:52  Refinery  
  119  13:53  Marine, Refinery  
  119  13:54  Marauder  
  125  13:56  Marine  
  128  14:04  Marauder  
  128  14:08  Marine  
  125  14:11  Marauder  
  125  14:12  Marine  
  125  14:15  Marauder  
  125  14:16  Marine  
  131  14:21  Medivac  
  131  14:22  Marine  
  128  14:25  Marauder  
  128  14:26  Marine  
  128  14:30  Marine  
  126  14:32  Marauder  
  126  14:36  Marauder  
  126  14:40  Marine  
  126  14:44  Siege Tank, Medivac  
  130  14:47  Marauder  
  130  14:51  Medivac  
  130  14:52  Marine x2  
  134  14:53  Marauder, Marine  
  134  14:58  Marauder  
  132  15:00  Marine  
  133  15:08  Marauder  
  133  15:10  Marine x2, Starport  
  133  15:14  Viking  
  139  15:15  Marauder  
  139  15:18  Marine  
  139  15:19  Marauder  
  139  15:20  Marine  
  137  15:28  Marine x2  
  131  15:30  Marauder, Medivac  
  126  15:36  Marauder, Marine  
  126  15:38  Marine  
  126  15:41  Marauder  
  123  15:44  Siege Tank, Medivac  
  123  15:45  Marine  
  123  15:46  Marine  
  123  15:47  Starport Reactor  
  128  15:51  Marauder  
  128  15:54  Marine  
  128  15:56  Marine  
  132  15:57  Marauder  
  132  15:59  Starport  
  132  16:01  Marine  
  132  16:03  Marine  
  132  16:04  Marine  
  133  16:11  Marine  
  133  16:12  Marauder  
  133  16:14  Viking  
  133  16:15  Viking  
  136  16:19  Marauder  
  136  16:20  Marauder  
  136  16:22  Marine  
  141  16:26  Viking x2  
  144  16:34  Marauder  
  144  16:37  SCV x3  
  149  16:40  Marauder  
  149  16:41  Marauder  
  149  16:43  Terran Ship Weapons Level 1  
  149  16:44  Viking  
  155  16:49  SCV x3  
  155  16:50  Orbital Command  
  156  16:55  Marauder  
  156  16:56  Viking x2  
  162  17:01  SCV  
  162  17:02  Viking, Marauder  
  162  17:03  SCV  
  168  17:14  Viking  
  170  17:18  Liberator  
  170  17:21  Starport Tech Lab  
  170  17:22  Refinery  
  170  17:24  Fusion Core  
  170  17:26  Viking  
  172  17:33  Viking  
  159  17:42  Marauder  
  159  17:43  Marine  
  127  17:44  Viking  
  127  17:47  Marine  
  127  17:50  SCV x2  
  119  17:51  SCV  
  119  17:52  SCV  
  119  17:56  Viking  
  122  18:02  SCV x2  
  122  18:03  Viking, SCV  
  122  18:04  SCV  
  128  18:10  Liberator x2  
  127  18:14  Viking, Advanced Ballistics, SCV  
  127  18:17  Marine  
  127  18:18  Marauder x2  
  127  18:19  Liberator  
  131  18:26  Marine  
  131  18:27  Marauder  
  118  18:30  Marine  
  107  18:37  Marine  
  107  18:39  Marauder  
  107  18:40  Marauder  
  113  18:44  Terran Ship Weapons Level 2  
  113  18:47  Liberator  
  115  18:48  Marauder  
  115  18:53  SCV x2  
  117  18:57  Marine, Liberator  
  117  19:01  Marauder x2  
  122  19:05  Liberator  
  122  19:07  Marine  
  162  19:10  Marauder, Liberator  
  128  19:12  Marine, Refinery  
  118  19:22  Marauder  
  118  19:23  Marine  
  118  19:24  Marauder  
  121  19:31  Marine, Marauder  
  121  19:36  Marine  
  120  19:43  Marauder  
  120  19:45  Marauder  
  121  19:46  Marine  
  121  19:47  Marine  
  121  19:50  Marine  
  118  19:53  Marauder  
  118  19:59  SCV  
  111  20:00  SCV x3  
  111  20:01  Marine  
  111  20:05  Marine, Marauder  
  111  20:06  Marauder  
  119  20:11  SCV  
  119  20:12  Marine, SCV x2  
  122  20:14  Marauder  
  122  20:17  Marine  
  122  20:20  Marine  
  123  20:23  Marine  
  123  20:26  Marauder  
  123  20:28  Marauder  
  119  20:34  SCV  
  119  20:35  Marauder, SCV x3  
  122  20:47  SCV  
  122  20:48  Marauder  
  122  20:49  Marauder  
  127  20:51  Marine  
  127  20:53  Viking  
  129  20:57  Marauder  
  129  20:58  Viking x2  
  133  21:05  Marine  
  133  21:08  Marine  
  133  21:09  Marine, Marauder  
  133  21:11  Marauder  
  112  21:18  Marauder  
  112  21:19  Marine  
  112  21:23  Marine  
  104  21:26  Marine  
  104  21:30  Marauder  
  104  21:32  Marauder  
  108  21:35  Marine  
  108  21:39  Marauder  
  102  21:40  Viking  
  98  21:49  Marine  
  98  21:52  Marauder  
  98  21:53  Marauder  
  96  21:57  Viking  
  96  22:01  Marauder, SCV x2  
  102  22:04  Marine  
  103  22:08  Marine  
  103  22:13  Marauder  
  103  22:14  Medivac  
  103  22:15  Marauder  
  110  22:17  Marine  
  110  22:22  Marauder  
Show
View Real Time Build Order
Export as new Build Order

Clem Terran 

Build Orders: 1/1/1, Mech 

Get SALT Encoding   

  12  0:00  SCV  
  13  0:12  SCV  
  14  0:17  Supply Depot  
  14  0:24  SCV  
  15  0:28  Refinery  
  15  0:38  SCV  
  16  0:44  Barracks  
  16  0:50  SCV  
  16  0:55  Refinery  
  17  1:02  SCV  
  18  1:14  SCV  
  19  1:31  Orbital Command, Factory  
  19  1:34  Reaper  
  20  1:43  Supply Depot  
  20  1:56  SCV  
  21  2:06  Reaper  
  22  2:08  SCV  
  23  2:16  Hellion  
  23  2:17  Starport  
  23  2:20  Supply Depot  
  23  2:22  SCV  
  26  2:36  SCV  
  27  2:38  Reaper  
  27  2:39  Hellion  
  30  2:53  Medivac  
  30  3:02  Hellion  
  32  3:07  Command Center  
  32  3:11  SCV  
  33  3:14  Barracks Tech Lab  
  33  3:21  Supply Depot  
  33  3:26  Factory Tech Lab  
  33  3:27  SCV  
  34  3:37  Raven  
  34  3:41  SCV  
  37  3:46  Marine  
  37  3:47  Refinery  
  38  3:53  SCV  
  39  4:05  SCV  
  40  4:16  Siege Tank  
  39  4:17  SCV  
  39  4:23  Orbital Command  
  36  4:29  SCV  
  37  4:32  Raven  
  37  4:34  Command Center  
  39  4:39  Barracks Reactor  
  39  4:41  SCV  
  40  4:48  SCV  
  40  4:50  Refinery  
  41  4:53  SCV  
  41  4:54  Siege Tank  
  45  5:00  SCV  
  45  5:01  Supply Depot  
  46  5:07  SCV  
  47  5:14  SCV, Factory  
  46  5:23  SCV  
  46  5:25  Viking x2  
  51  5:29  SCV  
  51  5:34  Siege Tank  
  55  5:35  SCV  
  55  5:41  SCV  
  57  5:46  Orbital Command  
  57  5:48  SCV  
  58  5:51  Factory  
  58  5:52  Barracks Reactor  
  58  5:55  SCV  
  59  5:58  Viking  
  59  6:02  Viking  
  59  6:04  SCV  
  64  6:07  SCV  
  64  6:11  Orbital Command  
  65  6:14  Siege Tank  
  65  6:17  SCV, Supply Depot  
  70  6:20  SCV  
  73  6:25  Siege Tank  
  73  6:29  SCV, Supply Depot  
  73  6:32  SCV  
  75  6:33  Viking  
  75  6:38  Viking  
  78  6:43  Hellion  
  78  6:44  Hellion  
  82  6:47  SCV x2  
  82  6:51  Supply Depot  
  84  6:54  Siege Tank  
  84  6:59  SCV x3  
  90  7:02  Siege Tank  
  93  7:09  Hellion x2  
  93  7:12  Viking  
  99  7:17  Supply Depot  
  99  7:19  Viking  
  99  7:21  SCV x2  
  103  7:24  SCV  
  103  7:29  Supply Depot  
  102  7:31  Hellion  
  102  7:32  Hellion  
  106  7:38  Refinery  
  106  7:39  Refinery  
  106  7:40  Siege Tank  
  109  7:46  Viking  
  109  7:47  Siege Tank  
  112  7:53  SCV x2, Supply Depot  
  112  7:54  SCV  
  115  8:05  SCV  
  108  8:06  SCV  
  108  8:08  Viking  
  108  8:10  Hellion x2  
  108  8:12  Siege Tank  
  116  8:13  SCV  
  116  8:17  SCV  
  116  8:18  Viking  
  116  8:19  SCV  
  119  8:25  Siege Tank, SCV  
  117  8:29  SCV  
  117  8:33  Supply Depot  
  118  8:36  Hellion x2  
  118  8:40  Viking  
  124  8:42  SCV x3  
  124  8:46  Liberator  
  124  8:47  Siege Tank  
  130  8:54  SCV x3  
  133  8:57  Siege Tank, Hellion  
  118  9:05  Hellion  
  118  9:06  SCV  
  124  9:14  Armory  
  124  9:16  Armory  
  124  9:19  Siege Tank, Viking  
  124  9:23  Hellion  
  131  9:28  Hellion  
  131  9:29  Siege Tank  
  124  9:46  Viking  
  124  9:48  Factory x2  
  124  9:49  Viking, Command Center  
  128  9:53  Hellion x2  
  128  9:54  Hellion  
  126  10:03  Terran Vehicle Weapons Level 1  
  126  10:04  Terran Vehicle And Ship Armor Level 1  
  126  10:07  Siege Tank  
  129  10:15  Siege Tank, Hellion  
  129  10:20  Viking x2, Hellion  
  139  10:30  SCV  
  139  10:31  SCV  
  139  10:32  SCV  
  132  10:36  Factory Tech Lab, Factory Reactor, Hellion  
  132  10:40  Siege Tank  
  132  10:41  Hellion  
  136  10:42  SCV  
  136  10:43  SCV  
  136  10:46  SCV  
  136  10:47  Siege Tank  
  138  10:55  SCV  
  139  10:59  Hellion  
  139  11:00  Refinery  
  141  11:09  Hellion  
  139  11:12  Siege Tank  
  139  11:14  Siege Tank  
  144  11:18  Engineering Bay  
  144  11:19  Hellion x2  
  144  11:21  Hellion  
  144  11:22  Supply Depot x2  
  144  11:25  Viking x2  
  154  11:29  Siege Tank  
  155  11:35  Hellion  
  129  11:40  Hellion  
  129  11:41  Hellion  
  129  11:44  Siege Tank  
  129  11:46  Hellion  
  136  11:49  Siege Tank  
  139  11:59  SCV x2  
  141  12:06  Siege Tank, Hellion x2  
  148  12:16  Viking, Refinery x2  
  148  12:17  Liberator, Hellion  
  148  12:20  Hellion  
  124  12:24  Siege Tank  
  106  12:30  SCV, Hellion x2  
  109  12:41  Hellion  
  114  12:44  Siege Tank  
  114  12:47  Siege Tank  
  114  12:48  Hellion  
  119  12:57  Hellion  
  112  12:59  Siege Tank  
  112  13:00  Viking  
  102  13:06  Hellion  
  102  13:09  Hellion  
  99  13:13  Hellion  
  99  13:17  Viking  
  99  13:18  Siege Tank  
  104  13:21  Hellion  
  104  13:26  Siege Tank  
  109  13:32  Hellion  
  111  13:35  Hellion  
  111  13:39  Hellion  
  115  13:41  Siege Tank  
  115  13:45  Hellion  
  118  13:48  Viking  
  118  13:51  Viking  
  122  14:01  Hellion  
  124  14:04  Hellion  
  124  14:07  Hellion  
  124  14:09  Siege Tank  
  131  14:13  Terran Vehicle Weapons Level 2  
  131  14:15  Hellion  
  131  14:16  Siege Tank  
  133  14:19  Armory  
  123  14:25  Hellion  
  123  14:31  Hellion x2  
  130  14:41  Siege Tank  
  130  14:50  Factory Tech Lab  
  130  14:51  Viking x2  
  128  14:54  Hellion x2  
  128  14:56  Factory Reactor, Siege Tank  
  133  15:01  Mag-Field Accelerator  
  133  15:12  Siege Tank  
  133  15:13  Hellion  
  135  15:19  Hellion x2  
  130  15:21  Viking  
  127  15:28  Orbital Command  
  114  15:29  Hellion  
  114  15:34  Cyclone, Hellion x2  
  106  15:41  Hellion  
  101  15:44  Siege Tank  
  101  15:48  Hellion  
  106  15:50  Hellion  
  108  15:59  Hellion x2  
  112  16:07  Orbital Command  
  112  16:09  Viking  
  99  16:14  Viking  
  99  16:19  Hellion  
  101  16:27  Hellion  
  103  16:36  Cyclone  
  106  16:40  Siege Tank  
  109  16:49  Viking x2  
  113  16:56  Infernal Pre-Igniter  
  109  17:04  Siege Tank  
  109  17:07  Hellion x2  
  114  17:15  Hellion  
  116  17:19  Cyclone  
  119  17:23  Viking  
  119  17:29  Viking  
  123  17:35  Cyclone  
  114  17:44  Cyclone  
  114  17:49  Hellion  
  114  17:50  Hellion  
  118  17:56  Hellion  
  114  18:01  Hellion  
  114  18:04  Viking  
  118  18:08  Viking  
  120  18:14  Siege Tank  
  105  18:31  Cyclone  
  99  18:34  Viking  
  99  18:37  Hellion  
  99  18:38  Viking  
  99  18:39  Hellion  
  97  18:45  Cyclone  
  100  18:50  Cyclone  
  103  18:58  Hellion x2  
  107  19:05  Terran Vehicle And Ship Armor Level 2  
  104  19:11  Hellion  
  104  19:13  Cyclone  
  102  19:18  Hellion  
  103  19:24  Hellion  
  103  19:26  Hellion  
  106  19:36  Cyclone  
  104  19:58  Hellion  
  102  20:00  Hellion  
  91  20:11  Hellion x2  
  95  20:15  SCV x2  
  95  20:16  Refinery  
  95  20:17  Refinery  
  88  20:24  Hellion  
  88  20:25  Hellion  
  88  20:26  Cyclone  
  91  20:33  Hellion  
  91  20:35  SCV x2, Hellion  
  92  20:39  Command Center  
  88  20:53  Hellion x2  
  88  20:55  Orbital Command  
  88  20:56  Cyclone x2  
  96  21:00  Hellion  
  69  21:19  Cyclone  
  64  21:27  Hellion  
  53  21:50  Cyclone  
Tags
 
Composition
Mech
Matchup
TvT
Opening
1/1/1
Player
ClemsouL
Race
Terran
Spawn Locations
Cross Positions
Add a new tag
Caveats
  • Supply blocks, unpowered buildings, or Contaminate may cause inaccurate times.
  • Supply counts are checked every 10 seconds.